Map: World of Sleepers LE

Players

NoRegreT

  • Race: Zerg Zerg
  • League: Master
  • Spawn Location: 7:00

JimRising - Winner!

  • Race: Zerg Zerg
  • League: Grandmaster
  • Spawn Location: 1:00

Event: NationWars 2019

VOD

Have the link to the VOD?

Description

Time

  • Played on: Oct. 5, 2019, 3:41 p.m.
  • Length: 11:11
Show
View Real Time Build Order
Export as new Build Order

NoRegreT Zerg 

Build Orders: Hatch First, Zergling Baneling 

Get SALT Encoding   

  12  0:00  Drone  
  13  0:08  Drone  
  14  0:35  Hatchery  
  13  0:37  Drone  
  13  0:42  Extractor  
  13  0:43  Drone  
  14  0:58  Spawning Pool  
  14  1:02  Drone  
  14  1:08  Extractor  
  14  1:09  Drone  
  15  1:15  Overlord  
  15  1:34  Drone  
  16  1:45  Zergling x4  
  16  1:46  Queen  
  18  1:51  Metabolic Boost  
  20  1:59  Overlord  
  20  2:02  Zergling x2  
  20  2:06  Zergling x2  
  22  2:09  Zergling x2  
  22  2:13  Zergling x2  
  24  2:17  Zergling x2  
  24  2:22  Zergling x4  
  27  2:29  Zergling x2  
  28  2:30  Zergling x2  
  29  2:40  Overlord  
  29  2:47  Overlord  
  29  2:59  Zergling x8  
  33  3:07  Baneling Nest  
  31  3:13  Drone x2  
  31  3:19  Drone  
  34  3:22  Zergling x2  
  36  3:27  Zergling x2  
  36  3:29  Zergling x2  
  36  3:32  Zergling x2  
  37  3:39  Zergling x4  
  39  3:43  Zergling x2  
  39  3:59  Baneling x4  
  39  4:02  Zergling x6  
  42  4:03  Zergling x2  
  42  4:06  Baneling  
  42  4:18  Zergling x2  
  35  4:31  Zergling x14  
  29  4:38  Baneling x2  
  34  4:40  Zergling x2  
  34  4:43  Zergling x2  
  34  4:45  Baneling  
  36  4:46  Baneling  
  37  4:52  Zergling x2  
  37  4:53  Zergling x2  
  38  5:02  Zergling x2  
  36  5:18  Zergling x2  
  36  5:19  Zergling x10  
  36  5:24  Baneling  
  36  5:26  Zergling x2  
  36  5:30  Zergling x2  
  36  5:36  Zergling x2  
  36  5:42  Zergling x2  
  35  5:43  Zergling x4  
  35  5:45  Zergling x2  
  35  5:47  Zergling x2  
  37  5:52  Zergling x2  
  38  5:57  Zergling x4  
  38  5:58  Zergling x2  
  38  6:00  Zergling x2, Baneling x3  
  38  6:04  Zergling x2  
  41  6:11  Zergling x2  
  41  6:13  Zergling x2  
  40  6:20  Zergling x2  
  40  6:25  Zergling x2  
  38  6:34  Zergling x6  
  38  6:39  Baneling x3  
  41  6:40  Zergling x2  
  41  6:45  Zergling x4  
  44  7:04  Overlord  
  39  7:17  Zergling x4  
  39  7:18  Zergling x4  
  39  7:21  Zergling x4  
  38  7:23  Zergling x2  
  38  7:28  Zergling x2  
  33  7:32  Zergling x2  
  33  7:35  Zergling x4  
  33  7:37  Baneling  
  33  7:38  Zergling x2, Baneling x2  
  33  7:39  Zergling x2  
  35  7:46  Zergling x2  
  35  7:50  Zergling x2  
  37  7:55  Baneling  
  37  7:56  Baneling x2  
  37  7:57  Zergling x2  
  38  8:01  Zergling x2  
  39  8:06  Zergling x4  
  39  8:09  Zergling x4, Baneling  
  43  8:14  Zergling x2  
  43  8:19  Zergling x2  
  45  8:25  Zergling x2  
  38  8:29  Zergling x2  
  31  8:35  Zergling x6  
  31  8:39  Zergling x2  
  35  8:47  Zergling x2  
  36  8:50  Zergling x2  
  37  8:57  Zergling x2  
  37  9:00  Zergling x2  
  39  9:03  Zergling x6  
  39  9:08  Zergling x2  
  43  9:11  Zergling x2  
  44  9:21  Zergling x2  
  44  9:23  Baneling  
  44  9:24  Baneling x4  
  45  9:25  Zergling x2  
  45  9:30  Zergling x2, Baneling  
  47  9:31  Zergling x4  
  47  9:33  Zergling x2  
  47  9:36  Zergling x2  
  51  9:47  Zergling x2  
  51  9:48  Zergling x2  
  40  9:55  Zergling x2  
  40  9:57  Zergling x2  
Show
View Real Time Build Order
Export as new Build Order

JimRising Zerg - Winner!

Build Orders: Pool First 

Get SALT Encoding   

  12  0:00  Drone  
  13  0:12  Overlord  
  13  0:17  Drone  
  14  0:30  Drone x2  
  16  0:42  Spawning Pool  
  15  0:44  Drone  
  15  0:48  Drone  
  17  1:10  Hatchery  
  16  1:17  Overlord  
  16  1:29  Queen  
  16  1:30  Zergling x2  
  16  1:31  Zergling x2  
  20  1:38  Drone  
  21  1:41  Drone  
  22  1:54  Drone  
  23  2:04  Drone, Queen  
  26  2:14  Extractor  
  25  2:17  Drone  
  26  2:23  Queen  
  26  2:24  Drone  
  26  2:27  Drone  
  30  2:35  Zergling x4  
  30  2:39  Zergling x4  
  30  2:40  Spine Crawler  
  30  2:41  Spine Crawler  
  30  2:43  Zergling x2  
  31  2:51  Queen  
  33  2:58  Spine Crawler  
  33  3:00  Drone  
  33  3:07  Drone x2  
  35  3:17  Drone  
  35  3:19  Overlord  
  35  3:20  Overlord  
  35  3:33  Queen  
  35  3:39  Spine Crawler  
  34  3:42  Drone x3  
  34  3:44  Drone  
  34  3:46  Drone  
  39  3:50  Drone  
  40  4:04  Queen  
  40  4:05  Spine Crawler  
  41  4:10  Zergling x6  
  44  4:19  Roach Warren  
  44  4:21  Zergling x4  
  41  4:25  Zergling x2  
  41  4:27  Zergling x2  
  41  4:29  Zergling x2  
  43  4:43  Pneumatized Carapace  
  43  4:50  Overlord  
  43  4:54  Spine Crawler  
  43  4:56  Evolution Chamber  
  43  4:59  Overlord  
  42  5:00  Drone  
  42  5:05  Overlord  
  35  5:15  Zergling x2  
  35  5:18  Zergling x6  
  31  5:22  Zergling x4  
  31  5:24  Roach  
  35  5:29  Roach  
  35  5:32  Roach  
  39  5:38  Roach  
  33  5:47  Drone  
  33  5:53  Roach  
  33  5:55  Roach  
  37  5:59  Roach  
  39  6:04  Roach  
  39  6:11  Roach  
  37  6:19  Drone  
  38  6:25  Drone  
  38  6:34  Drone x2  
  38  6:39  Drone  
  41  6:41  Drone  
  42  6:48  Drone x2  
  42  6:52  Drone  
  45  6:56  Roach  
  45  6:59  Roach  
  49  7:02  Roach  
  49  7:06  Roach  
  53  7:09  Roach  
  54  7:19  Roach  
  54  7:21  Roach  
  56  7:26  Roach  
  56  7:29  Roach  
  48  7:32  Roach  
  48  7:43  Spine Crawler  
  47  7:45  Roach  
  47  7:49  Roach  
  51  7:56  Roach  
  53  7:59  Spine Crawler  
  53  8:03  Roach  
  54  8:10  Roach  
  54  8:11  Overlord  
  56  8:19  Overlord  
  58  8:20  Roach  
  56  8:29  Roach  
  48  8:38  Queen  
  48  8:39  Roach  
  52  8:44  Drone  
  53  8:51  Drone x2  
  55  8:59  Roach  
  55  9:00  Roach  
  55  9:02  Extractor  
  58  9:07  Roach  
  60  9:10  Drone  
  60  9:11  Drone x2  
  63  9:19  Evolution Chamber  
  63  9:21  Evolution Chamber  
  61  9:26  Drone x3  
  64  9:33  Drone x3  
  67  9:44  Roach  
  69  9:50  Roach  
  69  9:51  Roach  
  67  9:55  Roach  
  67  9:58  Roach  
Tags
 
Add a new tag
Caveats
  • Supply blocks, unpowered buildings, or Contaminate may cause inaccurate times.
  • Supply counts are checked every 10 seconds.